cohdb
Replays
Latest Replays
All Replays
Popular Replays
Top Player Replays
Match Explorer
How It Works
Community
CoH3 Stats
Reddit
Sign in to upload your games and track your stats! →
Sign in with Steam
Match 42638389
Unlisted
Match 42638389
Overview
Messages
Build Orders
End
Construct Barracks
Engineer Squad
Selects Airborne Battlegroup
Selects Heavy Machine Gun Paradrop
Heavy Machine Gun Paradrop
1⁄4-ton 4x4 Truck
Construct Medical Station
Selects Paratrooper Squad Paradrop
Paratrooper Squad Paradrop
Heavy Machine Gun Paradrop
Air Support Center
Selects Recon Loiter
Paratrooper Squad Paradrop
Octavian8866
MarshalNey
Tyler N.
柠檬冰茶
SugarFreeqt
Unsafe
0
0
Comments
sign in to comment!
No comments posted yet!